 Dungeon Crawl Stone Soup version 0.30.1-8-g117510f58f (webtiles) character file.

Game seed: 9973148812980242773

43 Almogavar the Thaumaturge (level 3, -1/25 HPs)
             Began as a Gnoll Wanderer on Sept 22, 2023.
             Slain by a phantom (5 damage)
             ... on level 4 of the Dungeon.
             The game lasted 00:04:57 (1475 turns).

Almogavar the Thaumaturge (Gnoll Wanderer)          Turns: 1475, Time: 00:04:58

Health: -1/25      AC:  3    Str: 11    XL:     3   Next: 58%
Magic:  9/13       EV: 13    Int: 14    God:
Gold:   17         SH:  0    Dex: 10    Spells: 19/20 levels left

rFire   . . .        a - +0 dagger (protect)
rCold   . . .        (no shield)
rNeg    . . .        d - +0 robe
rPois   .            (no helmet)
rElec   .            b - +0 cloak
rCorr   .            (no gloves)
SInv    .            (no boots)
Will    .....        (no amulet)
Stlth   ++           (no ring)
HPRegen 0.24/turn    (no ring)
MPRegen 0.13/turn

%: no passive effects
@: no status effects
A: fangs 1, strong nose, distributed training
a: no special abilities


You were on level 4 of the Dungeon.
You visited 1 branch of the dungeon, and saw 3 of its levels.

You collected 17 gold pieces.

Inventory:

Hand Weapons
 a - a +0 dagger of protection (weapon)
Armour
 b - a +0 cloak (worn)
 d - a +0 robe (worn)
Scrolls
 f - a scroll of torment {unknown}
Potions
 g - a potion of lignification {unknown}
 h - a potion of degeneration {unknown}


   Skills:
 + Level 0.9 Fighting
 + Level 0.9 Short Blades
 + Level 0.9 Long Blades
 + Level 0.9 Axes
 + Level 0.9 Maces & Flails
 + Level 0.9 Polearms
 + Level 0.9 Staves
 + Level 0.9 Ranged Weapons
 + Level 0.9 Throwing
 + Level 0.9 Armour
 + Level 6.5 Dodging
 + Level 4.2 Stealth
 + Level 0.9 Shields
 + Level 0.9 Unarmed Combat
 + Level 9.3 Spellcasting
 + Level 0.6 Conjurations
 + Level 0.6 Hexes
 + Level 0.6 Summonings
 + Level 0.6 Necromancy
 + Level 0.6 Translocations
 + Level 0.6 Transmutations
 + Level 0.6 Fire Magic
 + Level 0.6 Ice Magic
 + Level 0.6 Air Magic
 + Level 0.6 Earth Magic
 + Level 0.6 Poison Magic
 + Level 1.0 Invocations
 + Level 0.9 Evocations


You had 19 spell levels left.
You knew the following spells:

 Your Spells              Type           Power      Damage    Failure   Level
a - Magic Dart            Conj           32%        1d4       9%          1

Your spell library contained the following spells:

 Spells                   Type           Power      Damage    Failure   Level
 Apportation              Tloc           16%        N/A       9%          1
 Shock                    Conj/Air       32%        1d5       9%          1
 Slow                     Hex            32%        N/A       9%          1
 Teleport Other           Tloc           8%         N/A       26%         3
 Alistair's Intoxication  Tmut/Pois      5%         N/A       94%         5


Dungeon Overview and Level Annotations

Branches:
Dungeon (2/15)

Altars:


Innate Abilities, Weirdness & Mutations

You have very sharp teeth.
Your uncanny sense of smell can sniff out nearby items.
Your experience applies equally to all skills.


Message History

You hit the iguana but do no damage. Your bite misses the iguana.
The iguana is heavily wounded.
The iguana barely misses you.
You completely miss the iguana.
The iguana is heavily wounded.
The iguana barely misses you.
You barely miss the iguana.
The iguana is heavily wounded.
The iguana closely misses you.
You barely miss the iguana. Your bite misses the iguana.
The iguana is heavily wounded.
The iguana bites you.
* * * LOW HITPOINT WARNING * * *
You hit the iguana but do no damage.
The iguana is heavily wounded.
The iguana closely misses you.
You barely miss the iguana.
The iguana is heavily wounded.
The iguana misses you.
You closely miss the iguana.
The iguana is heavily wounded.
The iguana bites you.
* * * LOW HITPOINT WARNING * * *
You barely miss the iguana. Your bite misses the iguana.
The iguana is heavily wounded.
The iguana misses you.
As you read the scroll of teleportation, it crumbles to dust.
You feel strangely unstable. The iguana misses you.
The iguana attacks as you move away! The iguana closely misses you.
Your surroundings suddenly seem different.
Found a stone staircase leading up.
Found a scroll labelled KICLYT PODUNE.
An ogre comes into view. It is wielding a +0 giant spiked club.
The ogre shouts!
A scorpion and a phantom come into view.
You see here a +0 flail.
An endoplasm comes into view.
The endoplasm quivers.
The phantom hits you.
You die...

...........# ....
...........###....
............#.....
.....?.......#..##...
...#....#O#......#...#
........#.#...##.#...#
.............###.....#
......W...)..#.#.....###
.....J.@l............#.#
...#...........#....##.#
#....................
.....#.............#.#
#...................###
....#..........#.....#
..###...#......#..#..#
.# #..###...#...#####
##........#


You could see an ogre, a phantom, an iguana and an endoplasm.

Vanquished Creatures
  An adder (D:4)
  A dart slug (D:1)
  A ball python (D:1)
  2 bats (D:1)
  3 endoplasms
  3 giant cockroaches
  3 goblins
  6 hobgoblins
  A quokka (D:1)
  2 frilled lizards (D:1)
  3 kobolds
  2 rats (D:1)
28 creatures vanquished.

Notes
Turn   | Place    | Note
-------+----------+-------------------------------------------
     0 | D:1      | Reached skill level 9 in Spellcasting
     0 | D:1      | Almogavar the Gnoll Wanderer began the quest for the Orb.
     0 | D:1      | Almogavar set off with the following items: a +0 club, a +0
                  | cloak, a scroll of teleportation, a +0 robe, a potion of
                  | curing; and the following spells available to memorise:
                  | Magic Dart, Shock, Slow, Teleport Other.
     0 | D:1      | Reached XP level 1. HP: 13/13 MP: 10/10
     2 | D:1      | Learned a level 1 spell: Magic Dart
   128 | D:1      | Reached XP level 2. HP: 16/19 MP: 3/12
  1137 | D:1      | Reached XP level 3. HP: 25/25 MP: 6/13
  1384 | D:2      | You fall into a shaft and drop 2 floors!
  1423 | D:4      | Reached skill level 1 in Invocations
  1447 | D:4      | HP: 1/25 [iguana (7)]
  1462 | D:4      | HP: 1/25 [iguana (5)]
  1471 | D:4      | Noticed an ogre
  1472 | D:4      | Noticed a scorpion
  1472 | D:4      | Noticed a phantom
  1475 | D:4      | Slain by a phantom

Illustrated notes

Levels and vault maps discovered:
D:1:      dpeg_arrival_windows_large_door, layout_basic
D:2:      layout_loops_ring, dreamdust_ecumenical_altar_statues, serial_bayou,
          serial_bayou_pond_e, serial_bayou_pond_b, serial_bayou_lake_a,
          serial_bayou_pond_a, serial_shops, nicolae_shop_stone,
          minmay_statues_item, nicolae_figureground_sparkle
D:4:      layout_cave_pools, kennysheep_little_box,
          minmay_temple_entry_proselytizer

Skill      XL: |  1  2  3 |
---------------+----------+-----
Spellcasting   | |  9.3
Invocations    | 1 |  1.0
Fighting       | |  0.9
Short Blades   | |  0.9
Long Blades    | |  0.9
Axes           | |  0.9
Maces & Flails | |  0.9
Polearms       | |  0.9
Staves         | |  0.9
Ranged Weapons | |  0.9
Throwing       | |  0.9
Armour         | |  0.9
Dodging        | |  6.5
Stealth        | |  4.2
Shields        | |  0.9
Unarmed Combat | |  0.9
Conjurations   | |  0.6
Hexes          | |  0.6
Summonings     | |  0.6
Necromancy     | |  0.6
Translocations | |  0.6
Transmutations | |  0.6
Fire Magic     | |  0.6
Ice Magic      | |  0.6
Air Magic      | |  0.6
Earth Magic    | |  0.6
Poison Magic   | |  0.6
Evocations     | |  0.9

Action                     || total
---------------------------++-------
  Melee: Club              ||    10
         Punch             ||     3
         Bite              ||     3
         Short sword       ||     2
         Dagger            ||    34
   Cast: Magic Dart        ||    75
    Use: Potion            ||     2
         Scroll            ||     1
   Stab: Sleeping          ||     2
 Armour: Robe              ||    10
  Dodge: Dodged            ||    44
